 Dungeon Sprint DCSS version 0.32-a0-834-geaf45d8e21 (webtiles) character file.

Game seed: 17207146840271065013

6622 rocky1 the Bludgeoner (level 10, -2/100 HPs)
             Began as a Mountain Dwarf Fighter on Mar 26, 2024.
             Was an Initiate of Gozag.
             Slain by a phantasmal warrior (20 damage)
             ... in the Dungeon (Sprint VII: "The Pits").
             The game lasted 00:09:07 (2407 turns).

rocky1 the Bludgeoner (Mountain Dwarf Fighter)      Turns: 2407, Time: 00:09:09

Health: -2/100     AC: 18    Str: 24    XL:     10   Next: 72%
Magic:  10/10      EV: 14    Int:  8    God:    Gozag
Gold:   387        SH:  7    Dex: 12    Spells: 9/9 levels left

rFire   . . .        u - +1 broad axe (heavy)
rCold   . . .        c - +0 buckler
rNeg    . . .        p - +3 chain mail
rPois   .            x - +0 helmet
rElec   .            (no cloak)
rCorr   .            v - +0 pair of gloves
SInv    .            (no boots)
Will    +....        (no amulet) Stlth
                     q - +3 ring of evasion
HPRegen 0.36/turn    r - +3 ring of dexterity
MPRegen 0.12/turn

%: no teleportation
@: mighty, brilliant, gold aura, hasted, invisible, very quick
A: runic magic, artefact enchanting
a: Renounce Religion, Potion Petition, Call Merchant, Bribe Branch


You were in the Dungeon.
You worshipped Gozag.
Gozag was aware of your devotion.
You visited 1 branch You collected 3429 gold pieces.
You spent 1482 gold pieces at shops.
You paid 1560 gold pieces to Gozag.

Inventory:

Hand Weapons
 b - a +3 morningstar of protection
 i - the +5 woodcutter's axe
   (You bought it in a shop in the Dungeon)
 u - a +1 heavy broad axe (weapon)
Armour
 c - a +0 buckler (worn)
 p - a +3 chain mail (worn)
 v - a +0 pair of gloves (worn)
 x - a +0 helmet (worn)
Jewellery
 q - a +3 ring of evasion (left hand)
 r - a +3 ring of dexterity (right hand)
Scrolls
 j - a scroll of blinking
 l - 2 scrolls of vulnerability
 m - 5 scrolls of amnesia
Potions
 d - a potion of might
 e - 5 potions of curing
 f - 2 potions of heal wounds
 h - 4 potions of magic
 k - a potion of invisibility
 s - a potion of mutation


   Skills:
 + Level 12.9 Fighting
 + Level 15.8 Maces & Flails
 + Level 12.9 Armour
 + Level 8.6 Dodging
 + Level 12.9 Shields


You had 9 spell levels left.
You didn't know any spells.
Your spell library was empty.

Dungeon Overview and Level Annotations

Branches:
Dungeon (1/1)

Altars:
Ashenzari
Cheibriados
Dithmenos
Elyvilon
Fedhas
Gozag
Hepliaklqana
Kikubaaqudgha
Makhleb
Nemelex Xobeh
Okawaru
Qazlal
Ru
Sif Muna
Trog
Uskayaw
Vehumet
Wu Jian
Xom
Yredelemnul
Zin
The Shining One
Beogh
Jiyva
Lugonu

Shops:
D (


Innate Abilities, Weirdness & Mutations

Your spellcasting is much less encumbered by armour.
You can use scrolls of enchantment on lesser artefacts.


Message History

The crocodile is distracted by your dazzling golden aura.
The phantasmal warrior hits you!!
* * * LOW HITPOINT WARNING * * *
The lindwurm roars!
The water moccasin hisses angrily.
You feel much better.
The lindwurm roars!
Unknown command.
You barely miss the phantasmal warrior.
The phantasmal warrior is lightly damaged.
The lindwurm roars!
The crocodile is no longer distracted by gold.
The phantasmal warrior barely misses you.
You barely miss the phantasmal warrior.
The phantasmal warrior is lightly damaged.
The lindwurm roars!
The deep elf zephyrmancer is distracted by your dazzling golden aura.
The phantasmal warrior hits you!!
* * * LOW HITPOINT WARNING * * *
The deep elf zephyrmancer shouts!
You slash the phantasmal warrior!
The phantasmal warrior is moderately damaged.
The water moccasin is no longer distracted by gold.
The crocodile is distracted by your dazzling golden aura.
The orc is distracted by your dazzling golden aura.
The phantasmal warrior hits you.
* * * LOW HITPOINT WARNING * * *
The water moccasin is distracted by your dazzling golden aura.
You barely miss the phantasmal warrior.
The phantasmal warrior is moderately damaged.
The lindwurm roars!
The orc shouts!
The phantasmal warrior closely misses you.
The water moccasin hisses angrily.
You closely miss the phantasmal warrior.
The phantasmal warrior is moderately damaged.
The lindwurm roars!
The deep elf zephyrmancer is no longer distracted by gold.
The crocodile is no longer distracted by gold.
The phantasmal warrior hits you!!
You die...
Your body crumbles into a pile of gold.

## ### ####### ####
..###..+...# ....
..##..##...### .....
'##..###...'.## .....
......##...#..## lo..#
'###...##'##...###oS{###
...##..#...#...#.Wklo..#
....'..+...'.∩.$@el....#
...##..#...#...#.$.....#
+###...##'##...###...###
......##...#..## ....#
'##..###...'.## .....
..##..##...### .....
..###..'...# .... ###
######## ####


You could see a lindwurm (wandering, unable to see you), a phantasmal warrior, a
deep elf zephyrmancer (unable to see you), a crocodile (unable to see you), a
water moccasin (unable to see you), an iguana (unable to see you), 3 orcs and a
frilled lizard (unable to see you, slow).

Vanquished Creatures
  A death yak (D)
  A sun demon (D)
  A flayed ghost (D)
  3 bog bodies (D)
  A lindwurm (D)
  A smoke demon (D)
  A rime drake (D)
  2 unseen horrors (D)
  A gargoyle (D)
  An efreet (D)
  A wandering mushroom (D)
  A spriggan (D)
  A shadow (D)
  A ynoxinul (D)
  A wraith (D)
  An acid dragon (D)
  An ice beast (D)
  2 wolves (D)
  2 scorpions (D)
  2 orc priests (D)
  A hound (D)
  2 iron imps (D)
  An orc wizard (D)
  A river rat (D)
  A white imp (D)
  3 ufetubi (D)
  An adder zombie (D)
  An adder simulacrum (D)
  8 orcs (D)
  2 ball pythons (D)
  A goblin (D)
  A hobgoblin (D)
  2 jackals (D)
  A kobold (D)
  A bat (D)
  2 frilled lizards (D)
55 creatures vanquished.

Vanquished Creatures (others)
  A shadow wraith (D)
  A warg (D)
2 creatures vanquished.

Grand Total: 57 creatures vanquished

Notes
Turn   | Place    | Note
-------+----------+-------------------------------------------
     0 | D        | rocky1 the Mountain Dwarf Fighter began the quest for the
                  | Orb.
     0 | D        | Reached XP level 1. HP: 19/19 MP: 1/1
    15 | D        | Reached XP level 2. HP: 20/27 MP: 2/2
    19 | D        | Found a bloodstained altar of Trog.
    19 | D        | Found a shimmering blue altar of Sif Muna.
    19 | D        | Found a viscous altar of Jiyva.
    19 | D        | Found a hazy altar of Hepliaklqana.
    19 | D        | Found an opulent altar of Gozag.
    20 | D        | Found a glowing golden altar of the Shining One.
    20 | D        | Found a glowing silver altar of Zin.
    20 | D        | Found a basalt altar of Yredelemnul.
    20 | D        | Found a shimmering altar of Xom.
    20 | D        | Found an ornate altar of the Wu Jian Council.
    20 | D        | Found a sacrificial altar of Ru.
    20 | D        | Found a stormy altar of Qazlal.
    20 | D        | Found an iron altar of Okawaru.
    20 | D        | Found a sparkling altar of Nemelex Xobeh.
    20 | D        | Found a burning altar of Makhleb.
    20 | D        | Found a blossoming altar of Fedhas.
    20 | D        | Found a white marble altar of Elyvilon.
    20 | D        | Found a shadowy altar of Dithmenos.
    20 | D        | Found a snail-covered altar of Cheibriados.
    23 | D        | Found a corrupted altar of Lugonu.
    23 | D        | Found a radiant altar of Vehumet.
    23 | D        | Found a roughly hewn altar of Beogh.
    24 | D        | Found an ancient bone altar of Kikubaaqudgha.
    24 | D        | Found a hide-covered altar of Uskayaw.
    24 | D        | Found a broken altar of Ashenzari.
    27 | D        | Became a worshipper of Gozag Ym Sagoz the Greedy
    63 | D        | Noticed a scorpion
    72 | D        | Killed a scorpion
    73 | D        | Reached skill level 8 in Maces & Flails
    73 | D        | Reached XP level 3. HP: 13/33 MP: 3/3
    73 | D        | Reached XP level 4. HP: 16/40 MP: 4/4
   199 | D        | Reached skill level 9 in Maces & Flails
   208 | D        | Noticed a wolf
   222 | D        | Killed a wolf
   223 | D        | Reached skill level 12 in Maces & Flails
   223 | D        | Reached XP level 5. HP: 46/46 MP: 5/5
   348 | D        | Reached skill level 13 in Maces & Flails
   372 | D        | Reached skill level 14 in Maces & Flails
   372 | D        | Reached XP level 6. HP: 51/52 MP: 6/6
   497 | D        | Reached skill level 1 in Dodging
   505 | D        | Reached skill level 5 in Armour
   719 | D        | Reached skill level 5 in Fighting
   721 | D        | Reached skill level 5 in Shields
  1030 | D        | Noticed an acid dragon
  1038 | D        | Killed an acid dragon
  1039 | D        | Reached XP level 7. HP: 63/64 MP: 7/7
  1050 | D        | Noticed a bog body
  1051 | D        | Noticed a gargoyle
  1051 | D        | Noticed a rime drake
  1061 | D        | Killed a bog body
  1062 | D        | Reached XP level 8. HP: 35/74 MP: 8/8
  1078 | D        | Killed a rime drake
  1079 | D        | Reached skill level 5 in Dodging
  1081 | D        | Killed a gargoyle
  1086 | D        | Noticed a bog body
  1090 | D        | Noticed a death yak
  1096 | D        | Killed an unseen horror
  1126 | D        | Killed a death yak
  1127 | D        | Reached skill level 10 in Fighting
  1127 | D        | Reached skill level 10 in Armour
  1127 | D        | Reached skill level 10 in Shields
  1127 | D        | Reached XP level 9. HP: 24/85 MP: 9/9
  1129 | D        | Killed a shadow wraith
  1133 | D        | Killed a bog body
  1419 | D        | Noticed a flayed ghost
  1434 | D        | Killed a flayed ghost
  1698 | D        | Noticed an efreet
  1703 | D        | Killed an efreet
  1716 | D        | Reached XP level 10. HP: 85/96 MP: 10/10
  1752 | D        | Noticed a smoke demon
  1752 | D        | Noticed a lindwurm
  1761 | D        | Killed a lindwurm
  1764 | D        | Killed a smoke demon
  1765 | D        | Reached skill level 15 in Maces & Flails
  2137 | D        | Noticed a sun demon
  2151 | D        | Killed a sun demon
  2381 | D        | Bought a glowing morningstar for 182 gold pieces
  2381 | D        | Bought a buzzing battleaxe for 299 gold pieces
  2381 | D        | Identified the +8 battleaxe of the Spheres {venom, rC-
                  | Str+6} (You bought it in a shop in the Dungeon)
  2381 | D        | Bought the +5 woodcutter's axe for 1001 gold pieces
  2381 | D        | Found the +5 woodcutter's axe
  2387 | D        | Noticed a bog body
  2387 | D        | Noticed a deep elf zephyrmancer
  2390 | D        | Noticed a lindwurm
  2394 | D        | Noticed a phantasmal warrior
  2401 | D        | Killed a bog body
  2407 | D        | Slain by a phantasmal warrior

Illustrated notes

Levels and vault maps discovered:
D:        pitsprint [storerooms_1, entrance_room_1, metal_vault_5, armoury_3,
          mini_pit_1, grid_room_1, main_hall_1, silver_pit, the_coven_1,
          the_vestibule_1, steel_vault_3, golden_pit, hallway_of_sentries,
          crystal_vault_4, iron_vault_4, final_vault]

Skill      XL: |  1  2  3  4  5  6  7  8  9 10 |
---------------+-------------------------------+-----
Fighting       | 4 6 8 10 11 12 | 12.9
Armour         | 4 6 8 10 11 12 | 12.9
Shields        | 4 6 8 10 11 12 | 12.9
Maces & Flails | 8 12 14 15 | 15.8
Dodging        | 3 4 6 7 8 |  8.6

Action                     |  1- 3 |  4- 6 |  7- 9 | 10-12 || total
---------------------------+-------+-------+-------+-------++-------
  Melee: Flail             |     8 |    83 |       |       ||    91
         Morningstar       |       |     7 |    83 |    38 ||   128
         Broad axe         |       |       |       |     9 ||     9
 Invoke: Potion Petition   |       |       |     3 |     1 ||     4
         Call Merchant     |       |       |       |     1 ||     1
    Use: Potion            |     1 |     1 |    13 |     4 ||    19
         Scroll            |       |       |     1 |       ||     1
   Stab: Distracted        |       |     1 |       |       ||     1
         Invisible         |       |       |       |     2 ||     2
 Armour: Scale mail        |    16 |    16 |       |       ||    32
         Chain mail        |       |    40 |    96 |    39 ||   175
  Dodge: Dodged            |     4 |    36 |    40 |    27 ||   107
  Block: Buckler           |     1 |    15 |    23 |     9 ||    48

Table legend: (Time is in decaauts)
 A = Elapsed time spent in this place.
 B = Non-inter-level travel time spent in this place.
 C = Inter-level travel time spent in this place.
 D = Time resting spent in this place.
 E = Time spent auto-exploring this place.
 F = Levels seen in this place.
 G = Mean time per level.
                   A        B        C        D        E       F      G
               +--------+--------+--------+--------+--------+-----+--------+
         Total |   2422 |   2354 |     68 |   1641 |      0 |   1 | 2422.0 |
       Dungeon |   2422 |   2354 |     68 |   1641 |      0 |   1 | 2422.0 |
               +--------+--------+--------+--------+--------+-----+--------+

Top non-repeatable levels by time:
       D: 2422 daAuts
